Map: Ascension to Aiur LE

Players

Seither

  • Race: Terran Terran
  • Spawn Location: 5:00

PiLiPiLi - Winner!

  • Race: Protoss Protoss
  • Spawn Location: 11:00

Event: WCS Montreal 2017

VOD

Have the link to the VOD?

Description

Time

  • Played on: Sept. 8, 2017, 6:29 p.m.
  • Length: 10:41

All games in this series

Show
View Real Time Build Order
Export as new Build Order

Seither Terran 

Build Orders: MMM Bio 

Get SALT Encoding   

  12  0:00  SCV  
  13  0:13  SCV  
  14  0:17  Supply Depot  
  14  0:25  SCV  
  15  0:38  SCV  
  15  0:42  Barracks  
  16  0:44  Refinery  
  16  0:51  SCV  
  17  1:03  SCV  
  18  1:15  SCV  
  19  1:29  Orbital Command, Marine  
  20  1:40  Command Center  
  20  1:48  Barracks Reactor  
  20  1:50  Supply Depot  
  20  1:55  SCV  
  21  2:05  Factory  
  21  2:07  SCV  
  22  2:13  Refinery  
  22  2:19  SCV  
  23  2:24  Marine, Reaper  
  25  2:31  SCV  
  26  2:42  Marine  
  26  2:43  SCV  
  28  2:49  Starport  
  28  2:52  Widow Mine  
  28  2:53  Orbital Command  
  28  2:55  SCV  
  31  2:59  Marine x2  
  33  3:08  SCV  
  34  3:17  Marine x2  
  36  3:20  SCV  
  36  3:21  SCV  
  36  3:25  Widow Mine  
  40  3:28  Medivac  
  40  3:32  SCV  
  40  3:33  SCV  
  43  3:35  Marine x2  
  45  3:43  Supply Depot  
  45  3:44  SCV  
  46  3:52  Supply Depot  
  46  3:59  Barracks x2  
  46  4:04  Starport Tech Lab, Factory Tech Lab, Marine x2, SCV x2  
  50  4:12  Supply Depot  
  50  4:16  SCV x2  
  52  4:18  Engineering Bay  
  52  4:28  Starport Reactor, Factory Reactor, SCV x2  
  52  4:29  Marine x2  
  56  4:34  Supply Depot  
  56  4:40  SCV x2  
  58  4:48  Missile Turret  
  58  4:50  Missile Turret  
  52  4:53  Marine x2  
  52  4:54  SCV  
  52  4:55  SCV  
  52  4:57  Combat Shields, Marine, Stimpack, Refinery  
  57  5:07  SCV  
  57  5:08  SCV  
  57  5:13  Marine, Marauder  
  58  5:16  Marauder  
  58  5:20  SCV x2  
  61  5:28  Medivac x2  
  61  5:32  SCV x2  
  61  5:34  Supply Depot  
  65  5:40  Widow Mine  
  67  5:44  SCV x2  
  67  5:48  Supply Depot, Marine  
  70  5:55  Supply Depot, Marine  
  70  5:56  SCV x2, Marauder  
  75  5:59  Marauder  
  77  6:04  Terran Infantry Weapons Level 1  
  77  6:08  SCV  
  77  6:10  Medivac x2, SCV  
  83  6:15  Refinery  
  83  6:16  Supply Depot  
  83  6:19  Marine x2  
  85  6:25  Supply Depot  
  85  6:26  Concussive Shells  
  85  6:28  Marauder  
  85  6:32  SCV x2  
  89  6:44  SCV x2  
  89  6:46  Liberator  
  90  6:48  Liberator  
  90  6:55  Command Center  
  90  6:58  Marine x2, Marauder x2  
  96  7:06  SCV  
  96  7:08  SCV  
  104  7:10  Widow Mine x2  
  104  7:15  Supply Depot  
  108  7:18  Marine  
  108  7:19  Marine  
  108  7:21  SCV x2  
  112  7:32  Liberator x2, Supply Depot  
  112  7:33  SCV  
  112  7:34  Barracks, SCV  
  112  7:35  Barracks  
  105  7:50  Marine  
  105  7:51  Marine, Marauder x2  
  115  7:58  Widow Mine x2  
  105  8:00  SCV x2  
  109  8:15  SCV x2  
  109  8:17  Liberator  
  109  8:19  Marine x2, Marauder x2  
  117  8:20  Terran Infantry Armor Level 1  
  117  8:29  Missile Turret  
  117  8:32  Marine x2  
  117  8:33  Widow Mine x2  
  123  8:37  Liberator  
  123  8:40  Marauder x2  
  127  8:44  Orbital Command  
  127  8:45  SCV x2  
  129  8:53  Marine  
  129  8:54  Marine  
  134  9:00  Liberator  
  134  9:02  Marauder x2  
  138  9:03  Marine x2  
  137  9:13  Widow Mine x2  
  136  9:20  Liberator  
  136  9:23  Marauder x2  
  132  9:25  Marine x2  
  133  9:32  SCV  
  133  9:33  SCV x2  
  133  9:37  Supply Depot  
  133  9:38  Supply Depot  
  137  9:42  Widow Mine  
  137  9:44  Marauder x2  
  137  9:45  Marine x2  
  141  9:47  Barracks Reactor  
  141  9:48  Barracks Tech Lab  
  141  10:01  Widow Mine  
  141  10:03  Marine x2  
  141  10:06  Supply Depot, Marauder x2  
  152  10:07  Supply Depot  
  152  10:10  Widow Mine  
  140  10:14  Refinery  
  140  10:15  Armory, Refinery  
  140  10:16  Engineering Bay  
  140  10:21  Marine x2  
Show
View Real Time Build Order
Export as new Build Order

PiLiPiLi Protoss - Winner!

Build Orders: 1 Gate Expand, Chargelot Immortal, Dark Templar Rush 

Get SALT Encoding   

  12  0:01  Probe (Chrono Boost)  
  13  0:11  Probe (Chrono Boost)  
  14  0:17  Pylon  
  14  0:22  Probe (Chrono Boost)  
  15  0:35  Probe (Chrono Boost)  
  16  0:36  Gateway  
  16  0:45  Assimilator  
  16  0:46  Probe (Chrono Boost)  
  17  0:56  Probe (Chrono Boost)  
  18  1:07  Probe (Chrono Boost)  
  19  1:19  Nexus  
  19  1:22  Probe (Chrono Boost)  
  20  1:32  Cybernetics Core  
  20  1:36  Probe (Chrono Boost)  
  21  1:40  Assimilator  
  21  1:46  Probe (Chrono Boost)  
  22  1:50  Pylon  
  22  1:57  Probe (Chrono Boost)  
  25  2:08  Mothership Core (Chrono Boost), Adept (Chrono Boost)  
  25  2:11  Warp Gate (Chrono Boost)  
  27  2:26  Probe (Chrono Boost)  
  28  2:30  Probe (Chrono Boost)  
  28  2:36  Stalker (Chrono Boost)  
  31  2:37  Probe  
  31  2:42  Probe  
  33  2:45  Twilight Council  
  33  2:48  Probe  
  34  2:54  Probe  
  35  2:59  Probe  
  35  3:00  Robotics Facility  
  36  3:07  Probe  
  36  3:10  Probe  
  38  3:19  Probe, Gateway  
  39  3:21  Gateway  
  39  3:23  Probe  
  40  3:30  Dark Shrine  
  40  3:34  Probe  
  40  3:39  Probe  
  42  3:42  Pylon x2  
  42  3:47  Warp Prism (Chrono Boost)  
  42  3:52  Probe (Chrono Boost)  
  42  3:55  Probe (Chrono Boost)  
  46  3:58  Assimilator  
  46  4:00  Assimilator  
  46  4:04  Probe (Chrono Boost)  
  46  4:08  Probe (Chrono Boost)  
  48  4:13  Pylon  
  48  4:14  Probe (Chrono Boost)  
  48  4:15  Adept  
  48  4:16  Adept  
  53  4:19  Observer  
  53  4:20  Probe (Chrono Boost)  
  55  4:25  Probe (Chrono Boost)  
  56  4:36  Probe (Chrono Boost)  
  56  4:38  Observer  
  58  4:48  Probe (Chrono Boost)  
  58  4:50  Dark Templar x3  
  66  4:53  Probe (Chrono Boost)  
  66  4:54  Nexus  
  66  4:59  Probe (Chrono Boost)  
  67  5:00  Pylon  
  65  5:21  Immortal  
  65  5:24  Probe (Chrono Boost)  
  68  5:31  Blink (Chrono Boost)  
  68  5:36  Probe (Chrono Boost)  
  68  5:39  Probe (Chrono Boost), Stalker  
  68  5:40  Stalker x2  
  74  5:44  Forge  
  74  5:47  Probe  
  75  5:52  Probe  
  75  5:53  Gateway  
  75  5:55  Gateway  
  76  5:57  Gateway  
  76  6:03  Dark Templar  
  78  6:06  Sentry x2  
  78  6:07  Probe x2  
  78  6:09  Probe  
  85  6:15  Immortal  
  85  6:17  Protoss Ground Weapons Level 1 (Chrono Boost)  
  85  6:19  Probe x2  
  85  6:21  Probe  
  92  6:28  Pylon  
  92  6:31  Probe, Pylon  
  93  6:42  Pylon  
  93  6:43  Pylon  
  93  6:45  Pylon  
  93  6:48  Pylon  
  93  6:49  Probe  
  93  6:50  Probe  
  95  7:03  Stalker  
  95  7:04  Stalker x4  
  95  7:05  Stalker  
  95  7:07  Immortal, Pylon  
  107  7:11  Pylon  
  111  7:15  Pylon  
  111  7:16  Charge  
  111  7:26  Probe  
  111  7:27  Probe  
  111  7:28  Assimilator  
  111  7:29  Stalker x4  
  121  7:32  Assimilator  
  119  7:56  Stalker x6  
  131  8:03  Photon Cannon  
  133  8:06  Immortal, Protoss Ground Armor Level 1 (Chrono Boost)  
  133  8:07  Photon Cannon  
  135  8:27  Stalker  
  135  8:28  Stalker x5  
  145  8:37  Pylon  
  145  8:39  Pylon  
  143  8:55  Pylon  
  143  8:57  Pylon  
  143  8:59  Dark Templar, Pylon  
  143  9:00  Pylon  
  144  9:02  Stalker  
  144  9:03  Stalker x3  
  144  9:09  Dark Templar  
  134  9:34  Zealot x3  
  134  9:35  Zealot x2, Immortal (Chrono Boost)  
  148  9:40  Robotics Bay  
  148  9:42  Assimilator  
  148  9:43  Robotics Facility  
  148  9:55  Zealot x3  
  148  9:56  Zealot x3  
  156  10:21  Zealot  
  156  10:22  Zealot x5  
  166  10:41  Zealot  
Tags
 
Add a new tag
Caveats
  • Supply blocks, unpowered buildings, or Contaminate may cause inaccurate times.
  • Supply counts are checked every 10 seconds.